Map: Newkirk Precinct TE (Void)

Players

HEMORRHOIDS - Winner!

  • Race: Protoss Protoss
  • League: Diamond
  • Spawn Location: 5:00

Luther

  • Race: Terran Terran
  • League: Diamond
  • Spawn Location: 7:00

VOD

Have the link to the VOD?

Description

Time

  • Played on: March 19, 2017, 1:29 p.m.
  • Length: 9:21
Show
View Real Time Build Order
Export as new Build Order

HEMORRHOIDS Protoss - Winner!

Build Orders:  

Get SALT Encoding   

  12  0:02  Probe (Chrono Boost)  
  13  0:13  Probe (Chrono Boost)  
  14  0:23  Pylon, Probe (Chrono Boost)  
  15  0:41  Probe (Chrono Boost)  
  16  0:49  Gateway  
  16  0:52  Probe (Chrono Boost)  
  17  0:57  Assimilator  
  17  1:02  Assimilator, Probe (Chrono Boost)  
  18  1:12  Pylon  
  18  1:13  Probe (Chrono Boost)  
  19  1:23  Probe (Chrono Boost)  
  20  1:34  Probe (Chrono Boost)  
  20  1:38  Cybernetics Core  
  21  1:44  Probe (Chrono Boost)  
  22  1:49  Gateway  
  22  1:55  Probe (Chrono Boost)  
  23  2:05  Pylon  
  23  2:22  Probe (Chrono Boost)  
  23  2:25  Stargate  
  23  2:27  Stargate  
  23  2:40  Zealot  
  25  2:46  Pylon  
  25  2:49  Pylon  
  25  3:07  Void Ray  
  29  3:16  Void Ray  
  33  3:28  Forge  
  33  3:46  Void Ray  
  37  4:06  Void Ray  
  39  4:19  Adept  
  37  5:02  Phoenix  
  37  5:05  Phoenix  
  41  5:23  Pylon  
  41  5:24  Phoenix  
  43  5:40  Phoenix  
  45  5:43  Nexus  
  41  6:13  Void Ray  
  45  6:20  Pylon, Probe (Chrono Boost)  
  46  6:32  Probe (Chrono Boost)  
  47  6:33  Void Ray  
  51  6:44  Assimilator  
  51  6:48  Assimilator  
  51  6:52  Pylon  
  51  6:55  Gateway  
  51  6:57  Gateway  
  49  7:17  Void Ray  
  53  7:29  Void Ray  
  57  7:38  Probe (Chrono Boost)  
  57  7:39  Gateway  
  58  7:48  Probe (Chrono Boost)  
  59  7:59  Probe (Chrono Boost)  
  59  8:01  Adept  
  59  8:03  Adept  
  64  8:05  Gateway  
  64  8:09  Probe (Chrono Boost)  
  65  8:20  Probe (Chrono Boost)  
  66  8:30  Probe (Chrono Boost)  
  59  8:55  Probe (Chrono Boost)  
  59  9:05  Probe (Chrono Boost)  
Show
View Real Time Build Order
Export as new Build Order

Luther Terran 

Build Orders:  

Get SALT Encoding   

  12  0:02  SCV  
  13  0:14  SCV  
  14  0:18  Supply Depot  
  14  0:28  SCV  
  15  0:32  Refinery  
  15  0:40  SCV  
  16  0:46  Barracks  
  16  0:52  SCV  
  17  1:04  SCV  
  18  1:16  SCV  
  19  1:36  Marine  
  19  1:37  Bunker  
  20  1:40  Orbital Command  
  20  1:54  Marine  
  21  2:14  Marine  
  22  2:16  Supply Depot  
  22  2:18  SCV  
  23  2:35  Factory  
  23  2:38  SCV, Reaper  
  25  2:46  Command Center  
  25  2:50  SCV  
  26  2:55  Supply Depot  
  26  3:00  Refinery  
  26  3:02  SCV  
  27  3:10  Barracks Reactor  
  27  3:18  SCV  
  28  3:24  Factory Tech Lab  
  28  3:25  Widow Mine, Starport  
  30  3:30  SCV  
  31  3:42  SCV  
  31  3:46  Marine  
  31  3:47  Marine  
  34  3:57  Widow Mine  
  36  4:07  Orbital Command  
  36  4:10  SCV  
  36  4:11  Marine x2  
  41  4:17  Engineering Bay  
  41  4:21  Viking  
  40  4:24  SCV  
  40  4:29  Marine x2, Widow Mine  
  40  4:31  Orbital Command  
  45  4:44  Missile Turret  
  41  4:47  Marine, SCV  
  37  4:54  Viking  
  37  4:59  SCV  
  35  5:09  SCV  
  35  5:11  Marine  
  35  5:12  Marine, SCV  
  39  5:22  Bunker  
  39  5:23  Factory Tech Lab  
  39  5:24  SCV x2  
  41  5:29  Marine x2  
  43  5:39  Missile Turret  
  43  5:42  Viking  
  45  5:43  Barracks  
  45  5:47  Marine x2  
  43  6:05  Marine x2  
  43  6:06  SCV  
  43  6:09  Supply Depot  
  46  6:12  SCV  
  46  6:15  Medivac  
  49  6:21  Missile Turret  
  49  6:28  Marine x2  
  49  6:37  SCV  
  49  6:38  SCV  
  50  6:41  Barracks Tech Lab  
  50  6:42  Barracks  
  50  6:44  Terran Infantry Weapons Level 1  
  50  6:48  Marine x2  
  50  6:53  SCV x2  
  54  7:01  Marine, Stimpack  
  55  7:02  Starport Reactor  
  55  7:05  SCV x2  
  50  7:17  SCV x2  
  52  7:25  Missile Turret  
  52  7:29  SCV x2  
  47  7:31  Marine x2  
  47  7:32  Barracks Reactor  
  46  7:41  SCV x2  
  48  7:48  Viking  
  48  7:52  Medivac  
  48  7:53  SCV x2  
  52  8:01  Refinery  
  52  8:05  SCV  
  52  8:08  Supply Depot  
  52  8:11  Marine x3  
  52  8:12  Marine  
  58  8:17  Marine, SCV  
  58  8:18  SCV  
  60  8:30  Viking  
  49  8:35  Marine x3  
  49  8:39  Viking  
Tags
 
Add a new tag
Caveats
  • Supply blocks, unpowered buildings, or Contaminate may cause inaccurate times.
  • Supply counts are checked every 10 seconds.